 Dungeon Crawl Stone Soup version 0.25.1-2-g60ff931df9 (webtiles) character file.

Game seed: 16515743694096313962

24726 lepoulpe303 the Covert (level 12, -11/58 HPs)
             Began as a Spriggan Earth Elementalist on Sept 9, 2020.
             Was an Elder of Ashenzari.
             Mangled by an ettin
             ... wielding a +0 dire flail
              (42 damage)
             ... on level 1 of the Orcish Mines.
             The game lasted 01:28:54 (23037 turns).

lepoulpe303 the Covert (SpEE)                      Turns: 23037, Time: 01:28:54

Health: -11/58     AC:  7    Str: 10    XL:     12   Next: 83%
Magic:  38/38      EV: 29    Int: 30    God:    Ashenzari [****..]
Gold:   1047       SH:  8    Dex: 18    Spells: 10/34 levels left

rFire    . . .     SeeInvis +   a - +2 rapier (venom) (curse)
rCold    . . .     Gourm    .   J - +1 buckler
rNeg     . . .     Faith    .   A - +0 robe (curse)
rPois    .         Spirit   .   M - +3 hat of Pondering {ponderous, MR+ MP+10 Int+5}
rElec    .         Reflect  .   j - +1 cloak (curse)
rCorr    .         Harm     .   (gloves unavailable)
MR       +++..     Clarity  +   (boots unavailable)
Stlth    +++++++...             (no amulet)
HPRegen  0.19/turn              y - ring of stealth (curse) {Stlth+}
MPRegen  0.26/turn              H - ring "Dor Pimuru" {Str+6 Int+5}

@: studying Spellcasting, very quick
A: very small, unfitting armour, see invisible, herbivore, speed 3, slow
metabolism 2
a: Curse Item, Scrying, Renounce Religion


You were on level 1 of the Orcish Mines.
You worshipped Ashenzari.
Ashenzari was greatly pleased with you.
You were not hungry.

You visited 4 branches of the dungeon, and saw 15 of its levels.
You also visited: Sewer.

You collected 1047 gold pieces.

Inventory:

Hand Weapons
 a - a cursed +2 rapier of venom (weapon)
 b - a +4 quarterstaff of chaos
 c - a +0 dagger of speed
 f - a +5 dagger of venom
 x - a cursed +4 dagger
Missiles
 o - 49 poisoned darts (quivered)
 L - 3 throwing nets {=f}
 Q - 164 stones
 U - 10 silver boomerangs
Armour
 j - a cursed +1 cloak (worn)
 v - a +0 robe
 A - a cursed +0 robe (worn)
 J - a +1 buckler (worn)
 K - +0 swamp dragon scales
 M - the +3 hat of Pondering (worn) {ponderous, MR+ MP+10 Int+5}
   (You took it off Gastronok on level 10 of the Dungeon)

   It affects your intelligence (+5).
   It affects your resistance to hostile enchantments.
   It affects your magic capacity (+10).
 R - a +2 robe of cold resistance {rC+}
Jewellery
 y - a cursed ring of stealth (left hand) {Stlth+}
 F - an uncursed ring of protection from fire
 H - the ring "Dor Pimuru" (right hand) {Str+6 Int+5}
   (You found it on level 8 of the Dungeon)

   [ring of strength]

   It affects your strength (+6).
   It affects your intelligence (+5).
Wands
 z - a wand of flame (43)
 B - a wand of disintegration (19)
 C - a wand of iceblast (8)
 E - a wand of enslavement (11)
 N - a wand of acid (5)
 O - a wand of clouds (2)
 T - a wand of paralysis (10)
Scrolls
 i - 5 scrolls of identify
 k - 3 scrolls of magic mapping {!r}
 s - 3 scrolls of noise {!r}
 t - 5 scrolls of teleportation
 w - a scroll of remove curse
 P - 2 scrolls of immolation {!r}
Potions
 d - a potion of ambrosia
 g - 3 potions of magic
 h - 3 potions of haste
 l - 4 potions of heal wounds
 m - a potion of invisibility
 n - 2 potions of resistance
 p - a potion of might
 q - 9 potions of curing
 r - 4 potions of flight
 u - a potion of lignification {!q}
 G - 2 potions of cancellation
 I - a potion of stabbing
 S - 2 potions of brilliance
 W - a potion of mutation {!q}
Books
 V - a manual of Spellcasting {!d}
Comestibles
 e - 19 rations


   Skills:
 + Level 4.1 Fighting
 - Level 6.1(9.7) Short Blades
 + Level 3.1 Armour
 + Level 10.8(12.8) Dodging
 + Level 11.6(13.6) Stealth
 + Level 3.0 Shields
 + Level 11.6 Spellcasting
 - Level 9.8 Hexes
 - Level 1.3 Transmutations
 * Level 9.9 Earth Magic
 * Level 3.8 Poison Magic


You had 10 spell levels left.
You knew the following spells:

 Your Spells              Type           Power        Failure   Level  Hunger
a - Sandblast             Erth           ######       1%          1    None
b - Mephitic Cloud        Conj/Pois/Air  ####....     7%          3    None
c - Petrify               Tmut/Erth      ######..     3%          4    None
d - Leda's Liquefaction   Hex/Erth       ######....   1%          4    None
e - Call Imp              Summ           ###.....     6%          2    None
w - Passwall              Tmut/Erth      ######..     1%          2    None
x - Stone Arrow           Conj/Erth      #####.       1%          3    None
z - Lee's Rapid Deconstr  Erth           ######....   1%          5    ##.....

Your spell library contained the following spells:

 Spells                   Type           Power        Failure   Level  Hunger
 Corona                   Hex            ######.      1%          1    None
 Slow                     Hex            ######..     1%          2    None
 Inner Flame              Hex/Fire       #####...     1%          3    None
 Portal Projectile        Hex/Tloc       #####.       1%          3    None
 Spectral Weapon          Hex/Chrm       #####...     1%          3    None
 Summon Guardian Golem    Hex/Summ       #####...     1%          3    None
 Cause Fear               Hex            ######....   1%          4    None
 Poisonous Vapours        Pois/Air       ####..       2%          2    None
 Infusion                 Chrm           ###.         4%          1    None
 Summon Small Mammal      Summ           ###.         4%          1    None
 Shroud of Golubria       Chrm/Tloc      ###...       6%          2    None
 Song of Slaying          Chrm           ###.....     6%          2    None
 Call Canine Familiar     Summ           ###.....     12%         3    None
 Conjure Flame            Conj/Fire      ###.....     12%         3    None
 Ozocubu's Armour         Chrm/Ice       ###.....     12%         3    None
 Summon Ice Beast         Ice/Summ       ###.....     36%         4    None
 Summon Lightning Spire   Summ/Air       ###.....     36%         4    None
 Freezing Cloud           Conj/Ice/Air   ###.......   99%         6    #####..
 Ring of Flames           Chrm/Fire      ###.......   100%        7    ######.


Dungeon Overview and Level Annotations

Branches:
Dungeon (10/15)            Temple (1/1) D:4            Lair (2/6) D:10
  Swamp (0/4) Lair:2          Orc (2/2) D:9           Sewer (visited)
  Snake: Lair:2-4    Spider: Lair:2-4       Elf: Orc:2

Altars:
Ashenzari
Cheibriados
Dithmenos
Elyvilon
Fedhas
Gozag
Hepliaklqana
Kikubaaqudgha
Makhleb
Nemelex Xobeh
Okawaru
Qazlal
Ru
Sif Muna
Trog
Uskayaw
Vehumet
Wu Jian
Xom
Yredelemnul
Zin
The Shining One

Shops:
D:7 !   D:9 }   Orc:2 *

Annotations:
Orc:1 Snorg


Innate Abilities, Weirdness & Mutations

You are very small and have problems with some larger weapons.
You are too small for most types of armour.
You have supernaturally acute eyesight. (SInv)
You are a herbivore.
You cover ground extremely quickly.
You need to consume almost no food.


Message History

You climb downwards.
Level annotation: Snorg An orc knight and a troll come into view.
The orc warrior shouts!
The orc wizard casts a cantrip, but nothing happens.
The ettin completely misses you. The ettin misses you.
The orc completely misses you.
There is a stone staircase leading up, spattered with blood here.
You see here a large rock {!d}.
The ettin hits you with a +0 dire flail!!
* * * LOW HITPOINT WARNING * * *
The ettin completely misses you. The orc completely misses you.
You block Snorg's attack. Snorg misses you. Snorg closely misses you.
You climb upwards.
There is a stone staircase leading down, spattered with blood here.
You take 27 damage, and have 31/58 hp.
MASSIVE DAMAGE!!
The ettin hits you with a +0 dire flail!!!
Ouch! That really hurt!
You die...

##.##..........................
##...#...#............#........#
##.#.##........................##
#....##..........................
#......................#.........
...#.#........[............#.....
#.#####.........)................
### ##........T>[.[..............
#.........oC@.......##....#.#
##..#.##...#<.##.#.#####.####
################### ###


You could see Snorg, an ettin and an orc.

Levels and vault maps discovered:
D:1:      scummos_arrival_checkerplants, layout_basic
D:2:      layout_basic, bloody_makhleb, gammafunk_temple_overflow_wave,
          uniq_crazy_yiuf_cottage, uniq_sigmund, uniq_terence
D:3:      layout_rooms, lightli_temple_of_fire
D:4:      layout_rooms, lemuel_doored_altar, minmay_temple_entry_junction,
          cheibrodos_sewer_entry_drain, first_ration, uniq_menkaure
D:5:      minmay_evil_eye, layout_rooms, kennysheep_ying_yang, uniq_edmund,
          uniq_prince_ribbit1
D:6:      minmay_razor_zed, layout_basic, uniq_grinder
D:7:      layout_loops_ring, kennysheep_little_box, serial_shops, shop,
          grunt_livestock, grunt_dithmenos_smoke, uniq_pikel
D:8:      layout_loops_corners, overflow_temple_1_default,
          vehumet_altar_wand_db, lemuel_crystal_altar, uniq_maggie, uniq_psyche,
          uniq_joseph
D:9:      layout_gridville, lemuel_coloured_pillars_altar,
          nemelex_xobeh_ov_fountains_minmay, david_orc_4, serial_shops, shop
D:10:     layout_grid_maze, lair_entry_dummy, uniq_harold, uniq_fannar,
          uniq_gastronok
Temple:   nicolae_temple_figure_zero
Lair:1:   layout_regular_city, lemuel_fruit_fields
Lair:2:   layout_chaotic_city, palyth_hydra_swamp_entry,
          gammafunk_lair_bear_cave
Orc:1:    layout_caves, basic_altar
Orc:2:    grunt_orc_gardens, layout_caves, grunt_orc_garden, grunt_orc_garden,
          grunt_orc_garden, grunt_orc_garden, serial_shops,
          nicolae_shop_statue_plus, basic_altar, uniq_snorg

Notes
Turn   | Place    | Note
-------+----------+-------------------------------------------
     0 | D:1      | lepoulpe303 the Spriggan Earth Elementalist began the quest
                  | for the Orb.
     0 | D:1      | Reached XP level 1. HP: 9/9 MP: 5/5
    51 | D:1      | Identified a +0 short sword (You found it on level 1 of the
                  | Dungeon)
   123 | D:1      | Identified a +0 dagger of speed
   146 | D:1      | Identified a +0 short sword
   181 | D:1      | Identified a +0 club
   603 | D:1      | Reached skill level 3 in Spellcasting
   603 | D:1      | Reached XP level 2. HP: 5/13 MP: 5/7
   607 | D:1      | Learned a level 2 spell: Passwall
  1354 | D:1      | Identified a +0 club
  1367 | D:1      | Reached skill level 3 in Earth Magic
  1676 | D:1      | Identified a +0 cloak (You found it on level 1 of the
                  | Dungeon)
  1676 | D:1      | Identified 2 scrolls of remove curse
  1761 | D:2      | Reached XP level 3. HP: 16/16 MP: 8/8
  1766 | D:2      | Learned a level 3 spell: Stone Arrow
  2043 | D:2      | Identified a +4 flail of protection
  2043 | D:2      | Identified a +0 ring mail
  2043 | D:2      | Noticed Terence
  2291 | D:2      | Killed Terence
  2447 | D:2      | Identified a cursed -1 short sword
  2454 | D:2      | Reached skill level 1 in Short Blades
  2486 | D:2      | Found a burning altar of Makhleb.
  2557 | D:2      | Found a runed translucent door.
  2558 | D:2      | Identified a +4 quarterstaff of chaos
  2558 | D:2      | Identified a +0 cloak
  2558 | D:2      | Noticed Crazy Yiuf
  2587 | D:2      | Killed Crazy Yiuf
  2587 | D:2      | Reached XP level 4. HP: 21/21 MP: 1/10
  2820 | D:2      | Found an ornate altar of the Wu Jian Council.
  2820 | D:2      | Found a shimmering altar of Xom.
  2887 | D:2      | Identified a +0 scythe
  2887 | D:2      | Identified a +0 robe
  2887 | D:2      | Noticed Sigmund
  2889 | D:2      | Identified 4 scrolls of identify
  2889 | D:2      | Identified 2 potions of haste
  2951 | D:2      | HP: 3/21 [Sigmund/puff of flame (4)]
  2952 | D:2      | Killed Sigmund
  2952 | D:2      | Reached skill level 2 in Short Blades
  2952 | D:2      | Reached skill level 4 in Dodging
  2952 | D:2      | Reached skill level 4 in Stealth
  2952 | D:2      | Reached skill level 4 in Spellcasting
  2952 | D:2      | Reached XP level 5. HP: 3/24 MP: 3/12
  3299 | D:2      | Identified 2 potions of magic
  3318 | D:3      | Identified a +0 flail
  3318 | D:3      | Identified a cursed +0 chain mail
  3329 | D:3      | Identified a +0 dagger
  3423 | D:3      | Identified a +0 short sword
  3566 | D:3      | Identified a +0 dagger
  3566 | D:3      | Identified a +0 robe
  3566 | D:3      | Identified a +0 dagger
  3566 | D:3      | Identified a +0 hand axe
  3566 | D:3      | Identified a +0 ring mail
  3567 | D:3      | Identified a +0 hand axe
  3596 | D:3      | Identified a +0 whip
  3732 | D:3      | Reached skill level 4 in Earth Magic
  3732 | D:3      | Reached XP level 6. HP: 28/28 MP: 9/14
  3915 | D:3      | Identified a +0 whip
  3943 | D:3      | Found a bloodstained altar of Trog.
  4105 | D:4      | Identified a +0 shortbow
  4106 | D:4      | Noticed Menkaure
  4164 | D:4      | Found a glowing drain.
  4173 | Sewer    | Entered a sewer
  4244 | Sewer    | Identified a +0 short sword
  4245 | Sewer    | Identified a +0 short sword
  4325 | Sewer    | Reached skill level 5 in Spellcasting
  4392 | Sewer    | Identified a +0 club
  4484 | Sewer    | Found a white marble altar of Elyvilon.
  4524 | Sewer    | Identified 2 potions of curing
  4525 | Sewer    | Identified 2 potions of heal wounds
  4526 | Sewer    | Identified 2 potions of flight
  4744 | D:4      | Identified a +0 leather armour
  4768 | D:4      | Reached skill level 5 in Stealth
  4985 | D:4      | Identified a +0 short sword
  4985 | D:4      | Identified a +0 leather armour
  4985 | D:4      | Identified a +0 club
  4985 | D:4      | Identified a +0 scale mail
  4985 | D:4      | Identified a +1 dagger of venom
  4985 | D:4      | Identified a +0 falchion
  4985 | D:4      | Identified a +0 leather armour
  5037 | D:4      | Found a staircase to the Ecumenical Temple.
  5049 | Temple   | Entered the Ecumenical Temple
  5159 | Temple   | Became a worshipper of Ashenzari the Shackled
  5161 | Temple   | Identified a scroll of immolation
  5162 | Temple   | Identified a scroll of teleportation
  5163 | Temple   | Identified 2 scrolls of enchant weapon
  5178 | D:4      | Identified a +0 dagger
  5206 | D:4      | Killed Menkaure
  5206 | D:4      | Reached skill level 5 in Dodging
  5206 | D:4      | Reached XP level 7. HP: 9/32 MP: 7/16
  5496 | D:4      | Identified a ring of teleportation
  5506 | D:4      | Found a shimmering blue altar of Sif Muna.
  5618 | D:4      | Identified a +0 whip (You found it on level 1 of the
                  | Dungeon)
  5618 | D:4      | Identified a +0 dagger
  5618 | D:4      | Identified a +0 whip
  5618 | D:4      | Identified a +0 mace (You found it on level 2 of the
                  | Dungeon)
  5618 | D:4      | Identified a +0 mace (You found it on level 2 of the
                  | Dungeon)
  5618 | D:4      | Identified a +0 mace (You found it on level 2 of the
                  | Dungeon)
  5618 | D:4      | Identified a +0 mace
  5618 | D:4      | Identified a +0 quarterstaff
  5618 | D:4      | Identified a +0 dagger (You found it on level 3 of the
                  | Dungeon)
  5656 | D:5      | Entered Level 5 of the Dungeon
  5717 | D:5      | Reached skill level 3 in Short Blades
  5766 | D:5      | Found a basalt altar of Yredelemnul.
  5855 | D:5      | Identified a +4 flail of holy wrath
  5855 | D:5      | Identified a +0 chain mail
  5855 | D:5      | Noticed Edmund
  5883 | D:5      | Reached skill level 6 in Spellcasting
  5883 | D:5      | Reached skill level 5 in Earth Magic
  6036 | D:5      | Killed Edmund
  6036 | D:5      | Reached skill level 6 in Stealth
  6055 | D:5      | Reached XP level 8. HP: 36/36 MP: 16/18
  6083 | D:5      | Learned a level 3 spell: Summon Guardian Golem
  6084 | D:5      | Identified a +0 halberd
  6086 | D:5      | Identified a +0 short sword
  6091 | D:5      | Noticed Prince Ribbit
  6119 | D:5      | Identified a +0 shortbow
  6146 | D:5      | Reached skill level 1 in Hexes
  6162 | D:4      | Reached skill level 6 in Dodging
  6324 | D:5      | Killed Prince Ribbit
  6324 | D:5      | Reached skill level 7 in Spellcasting
  6324 | D:5      | Reached skill level 2 in Hexes
  6536 | D:5      | Identified a +0 dagger
  6536 | D:5      | Identified a +0 robe
  6541 | D:5      | Identified a +0 war axe
  6541 | D:5      | Identified a +0 dagger
  6541 | D:5      | Identified a +0 robe
  6541 | D:5      | Identified a +0 dagger
  6541 | D:5      | Identified a +0 robe
  6542 | D:5      | Identified a +0 dagger
  6542 | D:5      | Identified a +0 leather armour
  6542 | D:5      | Identified a +0 giant club
  6587 | D:5      | HP: 7/36 [orc wizard/magic dart (9)]
  6606 | D:5      | HP: 8/36 [orc wizard/magic dart (1)]
  6931 | D:5      | Reached skill level 4 in Short Blades
  7116 | D:5      | Found a white marble altar of Elyvilon.
  7168 | D:5      | Identified 2 potions of lignification
  7169 | D:5      | Identified a potion of invisibility
  7170 | D:5      | Identified a potion of resistance
  7254 | D:6      | Identified a +0 shortbow
  7257 | D:6      | Reached skill level 3 in Hexes
  7300 | D:6      | Reached skill level 7 in Stealth
  7322 | D:6      | Reached skill level 6 in Earth Magic
  7345 | D:6      | Identified a +0 dire flail
  7345 | D:6      | Identified a cursed +0 chain mail
  7345 | D:6      | Identified a +0 mace
  7345 | D:6      | Identified a +0 chain mail
  7346 | D:6      | Identified a cursed -3 flail
  7406 | D:6      | Identified a +3 hand axe
  7406 | D:6      | Identified a +0 robe
  7406 | D:6      | Identified a cursed +4 dagger
  7406 | D:6      | Identified a +0 robe
  7407 | D:6      | Identified a +2 flail
  7407 | D:6      | Identified a +0 robe
  7408 | D:6      | Identified a +0 long sword
  7408 | D:6      | Identified a +0 robe
  7443 | D:6      | HP: 9/36 [orc warrior/+0 dire flail (27)]
  7459 | D:6      | Reached XP level 9. HP: 11/39 MP: 7/21
  7465 | D:6      | Learned a level 4 spell: Petrify
  7703 | D:6      | Identified a ring of stealth
  7802 | D:6      | Identified a +0 short sword
  7802 | D:6      | Identified a +0 plate armour
  7802 | D:6      | Identified a +0 dagger
  7802 | D:6      | Identified a +0 robe
  7803 | D:6      | Identified a cursed -3 falchion
  7803 | D:6      | Identified a +0 leather armour
  7822 | D:6      | Reached skill level 4 in Hexes
  8109 | D:6      | Reached skill level 8 in Spellcasting
  8127 | D:6      | Reached skill level 7 in Dodging
  8205 | D:6      | Noticed Grinder
  8228 | D:6      | Killed Grinder
  8428 | D:6      | Identified a +0 hand axe
  8457 | D:6      | Identified a cursed +4 trident of freezing
  8457 | D:6      | Identified a cursed +0 robe
  8513 | D:6      | Identified a +0 spear
  8515 | D:6      | Identified a +0 whip
  8521 | D:6      | Identified a +0 spear
  8818 | D:6      | Reached skill level 5 in Hexes
  8827 | D:6      | Identified a +0 shortbow
  8857 | D:6      | Reached skill level 8 in Stealth
  9034 | D:6      | Identified a +0 ring mail (You found it on level 1 of the
                  | Dungeon)
  9034 | D:6      | Identified a +0 ring mail
  9034 | D:6      | Identified a +0 chain mail
  9034 | D:6      | Identified a +0 leather armour
  9034 | D:6      | Identified a +0 robe
  9034 | D:6      | Identified a +0 scale mail
  9034 | D:6      | Identified a +0 chain mail
  9034 | D:6      | Identified a +0 leather armour
  9050 | D:7      | Reached * piety under Ashenzari
  9054 | D:7      | Identified a +0 longbow
  9082 | D:7      | Found a shadowy altar of Dithmenos.
  9103 | D:7      | Identified a +0 hand axe
  9103 | D:7      | Identified a +0 animal skin
  9128 | D:7      | Reached skill level 5 in Short Blades
  9225 | D:7      | Reached skill level 7 in Earth Magic
  9480 | D:7      | Learned a level 5 spell: Lee's Rapid Deconstruction
  9486 | D:7      | Identified a +0 dagger
  9486 | D:7      | Identified a +0 robe
  9489 | D:7      | Identified a +0 long sword
  9489 | D:7      | Identified a +0 chain mail
  9491 | D:7      | Identified a +0 whip
  9491 | D:7      | Identified a +0 chain mail
  9492 | D:7      | Identified a +0 trident
  9722 | D:7      | Identified a +0 scale mail
  9723 | D:7      | Found Lang's Distillery.
  9731 | D:7      | Identified a +0 chain mail
  9767 | D:7      | Identified a +0 whip of freezing
  9767 | D:7      | Identified a +0 robe
  9767 | D:7      | Noticed Pikel
  9817 | D:7      | Reached skill level 9 in Spellcasting
 10073 | D:7      | Identified a +0 battleaxe
 10131 | D:7      | Identified 3 scrolls of noise
 10152 | D:7      | Identified 3 scrolls of magic mapping
 10207 | D:7      | Reached skill level 6 in Hexes
 10218 | D:7      | Reached XP level 10. HP: 24/44 MP: 18/24
 10369 | D:7      | Found an ancient bone altar of Kikubaaqudgha.
 10449 | D:7      | Identified a +0 dagger
 10449 | D:7      | Identified a +0 robe
 10450 | D:7      | Identified a +0 hand axe
 10457 | D:7      | Identified a +0 flail
 10457 | D:7      | Identified a +0 scale mail
 10519 | D:7      | Killed Pikel
 10519 | D:7      | Reached skill level 8 in Dodging
 10530 | D:7      | Identified a scroll of enchant armour
 10531 | D:7      | Identified a scroll of acquirement
 10532 | D:7      | Acquired a cursed +1 rapier of venom
 10709 | D:8      | Identified a +0 giant club
 10754 | D:8      | Identified a +0 dagger
 10756 | D:8      | Found a glowing silver altar of Zin.
 10778 | D:8      | Identified a +0 scale mail
 10835 | D:8      | Found a hide-covered altar of Uskayaw.
 10897 | D:8      | Identified a +0 shortbow
 10948 | D:8      | Identified a cursed -2 robe
 11003 | D:8      | Identified a +0 giant club
 11003 | D:8      | Identified a +0 giant spiked club
 11003 | D:8      | Noticed a two-headed ogre
 11060 | D:8      | Killed a two-headed ogre
 11060 | D:8      | Reached skill level 9 in Stealth
 11253 | D:8      | Identified a +0 club
 11253 | D:8      | Identified a +0 scale mail
 11253 | D:8      | Identified a +0 mace
 11253 | D:8      | Identified a +0 flail
 11254 | D:8      | Identified a +0 leather armour
 11254 | D:8      | Identified a +0 dagger
 11254 | D:8      | Identified a +0 robe
 11537 | D:8      | Reached ** piety under Ashenzari
 11544 | D:8      | Reached skill level 7 in Hexes
 11547 | D:8      | Identified a +2 broad axe of flaming
 11547 | D:8      | Identified +0 swamp dragon scales
 11547 | D:8      | Noticed Maggie
 11559 | D:8      | Killed Maggie
 11559 | D:8      | Reached skill level 1 in Fighting
 11576 | D:8      | Identified a +0 quarterstaff
 11576 | D:8      | Identified a +0 hunting sling
 11576 | D:8      | Identified a +0 leather armour
 11576 | D:8      | Noticed Joseph
 11576 | D:8      | Identified a +0 shortbow
 11598 | D:8      | Killed Joseph
 11605 | D:8      | Reached skill level 6 in Short Blades
 11715 | D:8      | Identified the cursed +1 hunting sling of the Grave
                  | {vorpal, rC+ rN+}
 11759 | D:8      | Identified a +0 dagger of chaos
 11759 | D:8      | Identified a +0 robe
 11759 | D:8      | Noticed Psyche
 11763 | D:8      | Killed Psyche
 11763 | D:8      | Reached skill level 10 in Spellcasting
 11769 | D:8      | Found a radiant altar of Vehumet.
 11769 | D:8      | Identified a +0 whip
 11773 | D:8      | Identified a +0 flail
 11779 | D:8      | Identified a +0 flail
 11803 | D:8      | Reached skill level 8 in Earth Magic
 11846 | D:8      | Identified a +0 scythe
 11875 | D:8      | Identified a +0 robe
 11876 | D:8      | Identified the ring "Dor Pimuru" {Str+6 Int+5}
 12129 | D:8      | Learned a level 4 spell: Leda's Liquefaction
 12129 | D:8      | Identified a scroll of vulnerability
 12242 | D:9      | Identified a +0 short sword
 12242 | D:9      | Identified a +0 ring mail
 12331 | D:9      | Identified a +0 short sword
 12331 | D:9      | Identified a +0 leather armour
 12331 | D:9      | Identified a +0 flail
 12332 | D:9      | Found a sparkling altar of Nemelex Xobeh.
 12332 | D:9      | Identified a +0 dagger
 12332 | D:9      | Identified a +0 robe
 12420 | D:9      | Identified a +2 vorpal flail
 12420 | D:9      | Identified a +0 club
 12447 | D:9      | Found Vokaokhlo's Gadget Shop.
 12548 | D:9      | Identified a cursed +0 long sword
 12553 | D:9      | Reached XP level 11. HP: 50/50 MP: 26/26
 12559 | D:9      | Identified a +0 flail
 12559 | D:9      | Identified a +0 chain mail
 12563 | D:9      | Identified a +0 club
 12564 | D:9      | Identified a +0 mace
 12564 | D:9      | Identified a +0 chain mail
 12565 | D:9      | Identified a +0 trident
 12565 | D:9      | Identified a +0 plate armour
 12565 | D:9      | Identified a +0 dagger
 12565 | D:9      | Identified a +0 robe
 12565 | D:9      | Identified a +1 dagger of draining
 12565 | D:9      | Identified a +0 club
 12565 | D:9      | Identified a cursed +0 ring mail
 12567 | D:9      | Identified a +0 ring mail
 12573 | D:9      | Identified a +0 club
 12573 | D:9      | Identified a +0 ring mail
 12580 | D:9      | HP: 9/50 [orc warrior/boomerang (12)]
 12888 | D:9      | Reached skill level 9 in Dodging
 12947 | D:9      | Identified a +0 battleaxe
 12947 | D:9      | Identified a +3 plate armour
 12952 | D:9      | Identified a +0 dagger
 12952 | D:9      | Identified a +0 scale mail
 12953 | D:9      | Identified a cursed +0 falchion
 12964 | D:9      | Reached skill level 8 in Hexes
 12971 | D:9      | Identified a +0 hand axe
 12973 | D:9      | Identified a +0 hand axe
 12973 | D:9      | Identified a +0 chain mail
 12976 | D:9      | Identified a +1 dagger of protection
 12976 | D:9      | Identified a +0 robe
 13140 | D:9      | Identified 2 potions of cancellation
 13141 | D:9      | Identified a potion of stabbing
 13207 | D:9      | Found a staircase to the Orcish Mines.
 13264 | D:9      | Identified a ring of protection from fire
 13312 | D:9      | Reached *** piety under Ashenzari
 13485 | D:9      | Reached skill level 2 in Fighting
 13548 | D:9      | Identified a +0 robe
 13745 | D:9      | Found a glowing golden altar of the Shining One.
 13804 | Orc:1    | Entered Level 1 of the Orcish Mines
 13804 | Orc:1    | Identified a +0 dagger
 13804 | Orc:1    | Identified a +0 robe
 13804 | Orc:1    | Identified a +0 war axe
 13804 | Orc:1    | Identified a +0 hand axe
 13804 | Orc:1    | Identified a +0 flail
 13804 | Orc:1    | Identified a +0 plate armour
 13804 | Orc:1    | Identified a +0 ring mail
 13804 | Orc:1    | Identified a +0 short sword of venom
 13804 | Orc:1    | Identified a +0 scale mail
 13804 | Orc:1    | Identified a +0 trident
 13804 | Orc:1    | Noticed an orc high priest
 13804 | Orc:1    | Identified a +3 short sword of freezing
 13804 | Orc:1    | Identified a +0 war axe
 13804 | Orc:1    | Identified a +0 chain mail
 13804 | Orc:1    | Identified a +0 war axe
 13804 | Orc:1    | Identified a +0 chain mail
 13804 | Orc:1    | Noticed an orc knight
 13805 | Orc:1    | Identified a +0 dagger
 13805 | Orc:1    | Identified a +0 robe
 13805 | Orc:1    | Identified a +0 short sword
 13806 | Orc:1    | Identified a +0 hand axe
 13806 | Orc:1    | Identified a +0 leather armour
 13806 | Orc:1    | Identified a +0 trident
 13806 | Orc:1    | Identified a +0 plate armour
 13806 | Orc:1    | Identified a +0 club
 13806 | Orc:1    | Identified a +0 trident
 13806 | Orc:1    | Identified a +0 leather armour
 13810 | Orc:1    | Identified a +0 falchion
 13814 | Orc:1    | Identified a +0 trident
 13814 | Orc:1    | Identified a +0 chain mail
 13815 | Orc:1    | Identified a +0 club
 13815 | Orc:1    | Identified a +0 scale mail
 13816 | Orc:1    | Identified a +0 dagger
 13816 | Orc:1    | Identified a +0 robe
 13817 | Orc:1    | Identified a +0 short sword
 13818 | Orc:1    | Identified a cursed -1 flail
 13820 | Orc:1    | Noticed a sun demon
 13826 | D:9      | HP: 9/50 [warg (14)]
 14331 | Orc:1    | Identified a +0 spear
 14405 | D:9      | Killed an orc knight
 14405 | D:9      | Reached skill level 1 in Armour
 14684 | Orc:1    | Identified a +0 dire flail
 14684 | Orc:1    | Identified a +0 plate armour
 14685 | Orc:1    | Identified a +0 halberd
 14842 | Orc:1    | Identified a +0 dagger
 14842 | Orc:1    | Identified a +0 robe
 14843 | Orc:1    | Identified a +0 leather armour
 14865 | Orc:1    | Identified a +0 club
 14865 | Orc:1    | Identified a +0 leather armour
 14865 | Orc:1    | Identified a +0 club
 14946 | Orc:1    | Identified a +0 giant club
 14946 | Orc:1    | Identified a +0 flail
 15091 | Orc:1    | Identified a +0 club
 15092 | Orc:1    | Identified a +0 scimitar
 15092 | Orc:1    | Identified a +0 chain mail
 15123 | D:9      | Reached skill level 10 in Stealth
 15650 | D:9      | Found a staircase to the Orcish Mines.
 15691 | D:9      | Reached skill level 1 in Shields
 15905 | D:9      | Found a sparkling altar of Nemelex Xobeh.
 16034 | D:9      | Found Vokaokhlo's Gadget Shop.
 16305 | D:9      | Found a glowing golden altar of the Shining One.
 16398 | D:9      | Identified a +0 buckler (You found it on level 9 of the
                  | Dungeon)
 16877 | Orc:1    | Identified a +0 dagger
 16877 | Orc:1    | Identified a +0 robe
 17133 | Orc:1    | Noticed a soul eater
 17355 | D:10     | Entered Level 10 of the Dungeon
 17355 | D:10     | Identified a +1 vampiric scimitar
 17355 | D:10     | Identified a cursed +0 ring mail
 17355 | D:10     | Noticed Harold
 17363 | D:10     | Killed Harold
 17461 | D:10     | Identified a +0 giant spiked club
 17461 | D:10     | Identified a +0 giant club
 17461 | D:10     | Noticed a two-headed ogre
 17471 | D:10     | Killed a two-headed ogre
 17664 | D:10     | Identified a +3 mace
 17671 | D:10     | Reached skill level 9 in Hexes
 17904 | D:10     | Noticed Gastronok
 17929 | D:10     | Learned a level 2 spell: Call Imp
 17929 | D:10     | Identified a scroll of amnesia
 17954 | D:10     | Killed Gastronok
 17954 | D:10     | Reached skill level 3 in Fighting
 17954 | D:10     | Reached skill level 2 in Armour
 17954 | D:10     | Reached skill level 2 in Shields
 17954 | D:10     | Reached skill level 9 in Earth Magic
 18061 | D:10     | Identified a +0 hand axe
 18205 | D:10     | Identified a +0 leather armour
 18403 | D:10     | Identified a +0 mace
 18407 | D:10     | Identified a +2 robe of cold resistance
 18407 | D:10     | Noticed Fannar
 18416 | D:10     | Killed Fannar
 18416 | D:10     | Reached XP level 12. HP: 44/56 MP: 27/27
 18575 | D:10     | Found a staircase to the Lair.
 18646 | Lair:1   | Entered Level 1 of the Lair of Beasts
 18650 | Lair:1   | Identified a +0 shortbow
 18677 | Lair:1   | Identified a potion of ambrosia
 18755 | Lair:1   | Identified a +0 robe
 18774 | Lair:1   | Reached skill level 10 in Dodging
 18991 | Lair:1   | Identified a +0 ring mail
 19552 | Lair:1   | Learned a level 3 spell: Mephitic Cloud
 19656 | Lair:1   | Identified a +0 hunting sling
 19666 | Lair:1   | Identified a +0 robe
 19695 | Lair:1   | Reached skill level 11 in Spellcasting
 19818 | Lair:1   | Reached skill level 11 in Stealth
 19868 | Lair:1   | Reached skill level 1 in Poison Magic
 20225 | Lair:1   | Reached **** piety under Ashenzari
 20342 | Lair:2   | Identified a +0 chain mail
 20381 | Lair:2   | Identified a +0 ring mail
 20484 | Lair:2   | Identified the cursed +1 scale mail of Uguipich {+Blink
                  | rElec Slay-3}
 20821 | Lair:2   | Identified +0 acid dragon scales
 20871 | Lair:2   | Reached skill level 2 in Poison Magic
 21088 | Lair:2   | Identified a +0 whip
 21647 | Lair:2   | Noticed an eight-headed hydra
 21651 | Lair:2   | Noticed an eight-headed hydra
 21653 | Lair:2   | Found a staircase to the Swamp.
 21654 | Lair:2   | Killed an eight-headed hydra
 21654 | Lair:2   | Reached skill level 3 in Poison Magic
 21657 | Lair:2   | Killed an eight-headed hydra
 21657 | Lair:2   | Reached skill level 4 in Fighting
 21657 | Lair:2   | Reached skill level 3 in Armour
 21666 | Lair:2   | Reached skill level 3 in Shields
 21983 | Lair:2   | Identified 2 potions of brilliance
 21984 | Lair:2   | Identified a potion of mutation
 21985 | Lair:2   | Identified a scroll of random uselessness
 22158 | Orc:1    | Identified a +0 dagger
 22158 | Orc:1    | Identified a +0 leather armour
 22166 | Orc:1    | Identified a +0 dagger
 22166 | Orc:1    | Identified a +0 robe
 22166 | Orc:1    | Identified a +0 dagger
 22213 | Orc:1    | Identified a +0 trident
 22217 | Orc:1    | Killed an orc high priest
 22645 | Orc:2    | Entered Level 2 of the Orcish Mines
 22645 | Orc:2    | Found Juygh's Assorted Antiques.
 22645 | Orc:2    | Identified a +0 short sword
 22645 | Orc:2    | Identified a +0 dagger
 22646 | Orc:2    | Identified a +0 battleaxe
 22646 | Orc:2    | Identified a +0 chain mail
 22646 | Orc:2    | Identified a +0 dagger
 22646 | Orc:2    | Identified a +0 robe
 22646 | Orc:2    | Identified a +0 glaive
 22646 | Orc:2    | Identified a +0 plate armour
 22646 | Orc:2    | Identified a +0 mace
 22646 | Orc:2    | Identified a +0 flail
 22646 | Orc:2    | Identified a +0 leather armour
 22649 | Orc:2    | Identified a +0 dagger
 22649 | Orc:2    | Identified a +0 robe
 22649 | Orc:2    | Identified a +0 giant club
 22649 | Orc:2    | Identified a +0 flail
 22649 | Orc:2    | Noticed Snorg
 22654 | Orc:2    | Identified a +0 dire flail
 22654 | Orc:2    | Identified a +0 great mace
 22654 | Orc:2    | Noticed an ettin
 22655 | Orc:2    | Identified a +0 giant spiked club
 22655 | Orc:2    | Identified a +0 giant club
 22655 | Orc:2    | Noticed a two-headed ogre
 22657 | Orc:2    | Identified a +0 dagger
 22657 | Orc:2    | Identified a +0 robe
 22660 | Orc:1    | HP: 13/58 [orc wizard/+0 dagger (4)]
 22679 | Orc:1    | HP: 8/58 [orc wizard/puff of flame (7)]
 23034 | Orc:2    | Identified a +0 great sword
 23034 | Orc:2    | Identified a +0 chain mail
 23037 | Orc:1    | Mangled by an ettin

Table legend:
 A = Turns spent in this place as a percentage of turns spent in the entire game.
 B = Non-inter-level travel turns spent in this place as a percentage of non-inter-level travel turns spent in the entire game.
 C = Inter-level travel turns spent in this place as a percentage of turns spent in this place.
 D = Turns resting spent in this place as a percentage of non-inter-level travel turns spent in this place.
 E = Turns spent auto-exploring this place as a percentage of non-inter-level travel turns spent in this place.
 F = Non-inter-level travel turns spent in this place divided by the number of levels of this place that you've seen.
                   A       B       C       D       E      F
               +-------+-------+-------+-------+-------+----------------------
         Total | 100.0 | 100.0 |   4.1 |  38.4 |  36.2 | 1381.2
       Dungeon |  80.1 |  79.7 |   4.6 |  40.3 |  35.4 | 1761.2
        Temple |   0.5 |   0.5 |   4.8 |   0.0 |  90.7 | 118.0
          Lair |  14.7 |  15.0 |   2.4 |  36.0 |  39.3 | 1654.5
  Orcish Mines |   2.9 |   3.0 |   0.1 |  19.9 |  35.2 | 337.0
         Sewer |   1.7 |   1.7 |   0.0 |  18.7 |  29.0 | 386.0
               +-------+-------+-------+-------+-------+----------------------

Table legend:
 A = Kills in this place as a percentage of kills in entire the game.
 B = Kills by you in this place as a percentage of kills by you in the entire game.
 C = Kills by friends in this place as a percentage of kills by friends in the entire game.
 D = Other kills in this place as a percentage of other kills in the entire game.
 E = Experience gained in this place as a percentage of experience gained in the entire game.
 F = Experience gained in this place divided by the number of levels of this place that you have seen.
                   A       B       C       D       E      F
               +-------+-------+-------+-------+-------+----------------------
         Total | 100.0 | 100.0 | 100.0 | 100.0 | 100.0 | 2207.8
       Dungeon |  76.0 |  76.9 |   0.0 |   0.0 |  61.4 | 2168.2
          Lair |  15.3 |  14.9 |  50.0 |  50.0 |  33.2 | 5867.5
  Orcish Mines |   5.4 |   4.9 |  50.0 |  50.0 |   5.1 | 892.5
         Sewer |   3.4 |   3.4 |   0.0 |   0.0 |   0.3 | 122.0
               +-------+-------+-------+-------+-------+----------------------

Skill      XL: |  1  2  3  4  5  6  7  8  9 10 11 12 |
---------------+-------------------------------------+-----
Spellcasting   | 3 4 5 6 7 9 10 11 | 11.6
Earth Magic    | 3 4 5 6 7 8 9 |  9.9
Short Blades   | 1 2 3 4 5 6 |  6.1
Dodging        | 4 5 6 7 8 9 10 | 10.8
Stealth        | 4 5 6 7 8 9 10 11 | 11.6
Hexes          | 3 6 7 9 |  9.8
Fighting       | 1 3 4 |  4.1
Armour         | 2 3 |  3.1
Shields        | 2 3 |  3.0
Poison Magic   | 3 |  3.8
Transmutations | |  1.3

Action                   |  1- 3 |  4- 6 |  7- 9 | 10-12 || total
-------------------------+-------+-------+-------+-------++-------
Melee: Dagger            |   183 |   253 |   200 |    13 ||   649
       Short sword       |    13 |       |       |       ||    13
       Unarmed           |     1 |       |       |       ||     1
       Rapier            |       |       |       |   516 ||   516
Throw: Dart              |       |       |    14 |    20 ||    34
 Cast: Sandblast         |    48 |    54 |    84 |    81 ||   267
       Stone Arrow       |       |       |    12 |    56 ||    68
       Summon Guardian G |       |       |     1 |       ||     1
       Leda's Liquefacti |       |       |       |     4 ||     4
       Lee's Rapid Decon |       |       |       |     2 ||     2
       Passwall          |       |       |       |     1 ||     1
       Mephitic Cloud    |       |       |       |     5 ||     5
       Call Imp          |       |       |       |     3 ||     3
Invok: Curse Item        |       |     1 |     2 |       ||     3
Evoke: Wand              |       |     1 |       |     8 ||     9
  Use: Scroll            |     1 |     6 |     7 |    16 ||    30
       Potion            |       |     3 |     2 |       ||     5
 Stab: Sleeping          |     4 |     3 |    14 |    49 ||    70
       Distracted        |       |       |     3 |     2 ||     5
       Confused          |       |       |       |     5 ||     5
  Eat: Ration            |       |     2 |     2 |     8 ||    12
Armor: Robe              |    23 |    21 |     9 |    40 ||    93
Dodge: Dodged            |   138 |   186 |   157 |   498 ||   979
Block: Buckler           |       |       |       |    90 ||    90

Vanquished Creatures
  Gastronok (D:10)
  Fannar (D:10)
  Harold (D:10)
  2 hydras (Lair:2)
  2 two-headed ogres
  An orc high priest (Orc:1)
  Pikel (D:7)
  An orc knight (D:9)
  Joseph (D:8)
  Psyche (D:8)
  A black mamba (Lair:1)
  2 spiny frogs (Lair:2)
  A gargoyle (D:10)
  Maggie (D:8)
  A centaur skeleton (D:10)
  3 komodo dragons (Lair:2)
  2 trolls
  A polar bear (Lair:2)
  Grinder (D:6)
  Prince Ribbit (D:5)
  6 hippogriffs
  5 blink frogs (Lair:1)
  Sigmund (D:2)
  15 yaks
  3 hogs (D:7)
  A human (D:7)
  3 hungry ghosts
  Menkaure (D:4)
  Edmund (D:5)
  3 wargs (D:9)
  3 swamp worms (Lair:2)
  2 water moccasins (Lair:2)
  2 porcupines
  14 orc warriors
  4 ice beasts
  A sky beast (D:6)
  4 black bears
  A slave (D:7)
  3 ogres
  2 phantoms
  5 centaurs
  A big kobold (Sewer)
  7 crocodiles
  12 bullfrogs
  4 scorpions
  8 killer bees (D:10)
  An electric eel (Lair:2)
  2 howler monkeys
  5 wights (D:6)
  4 crimson imps
  A bullfrog zombie (D:6)
  6 jellies
  Crazy Yiuf (D:2)
  6 hounds
  6 orc priests
  18 orc wizards
  Terence (D:2)
  2 iguanas
  4 worker ants
  2 hound skeletons (D:6)
  17 gnolls
  6 adders
  4 shadow imps
  An adder zombie (D:9)
  3 worms
  A dart slug (D:5)
  A leopard gecko (D:4)
  54 orcs
  3 ball pythons
  10 giant cockroaches
  3 goblins (D:1)
  2 hobgoblins
  9 jackals
  16 kobolds
  2 quokkas
  A ball python zombie (D:5)
  8 bats
  5 frilled lizards
  2 quokka skeletons (D:6)
  A quokka zombie (D:5)
  7 rats
353 creatures vanquished.

Vanquished Creatures (collateral kills)
  A water moccasin (Lair:1)
  An orc (Orc:1)
2 creatures vanquished.

Vanquished Creatures (others)
  4 fungi (Lair:2)
4 creatures vanquished.

Grand Total: 359 creatures vanquished
